 Dungeon Crawl Stone Soup version 0.29.1-12-g30fa7ad0bf (webtiles) character file.

Game seed: 16640046785079072243

16778 Valen the Grappler (level 12, -5/111 HPs)
             Began as a Troll Gladiator on Dec 29, 2022.
             Was a Priest of Trog.
             Slain by a naga warrior
             ... wielding a +0 flail
              (20 damage)
             ... on level 1 of the Snake Pit.
             The game lasted 00:57:12 (11427 turns).

Valen the Grappler (Troll Gladiator)               Turns: 11427, Time: 00:57:13

Health: -5/111     AC: 11    Str: 28    XL:     12   Next: 13%
Magic:  0/11       EV: 12    Int:  6    God:    Trog [***...]
Gold:   662        SH:  0    Dex: 13    Spells: 11/11 levels left

rFire   + . .      SeeInvis .     - Unarmed
rCold   . . .      Faith    .   (no shield)
rNeg    . . .      Spirit   +   a - +2 robe
rPois   +          Reflect  .   b - +2 hat
rElec   .          Harm     .   G - +2 cloak {rPois}
rCorr   .          Rampage  .   (gloves unavailable)
Will    +....                   (boots unavailable)
Stlth   ++........              r - amulet of Cuejayse {Spirit Str+3}
HPRegen 1.08/turn               B - ring of willpower
MPRegen 0.12/turn               M - ring of protection from fire

@: on berserk cooldown, slowed, very slow
A: large, unfitting armour, claws 3, regeneration 1, shaggy fur 1, tough skin 1
a: Renounce Religion, Berserk, Trog's Hand


You were on level 1 of the Snake Pit.
You worshipped Trog.
Trog was most pleased with you.
You visited 3 branches of the dungeon, and saw 12 of its levels.
You also visited: Ossuary and Volcano.

You collected 662 gold pieces.

Inventory:

Hand Weapons
 E - a +4 giant club of chaos
 O - a +2 executioner's axe of flaming
Missiles
 c - 2 throwing nets (quivered)
 d - a large rock
 m - 2 curare-tipped darts
 C - 10 poisoned darts
 D - 3 boomerangs
 N - 5 silver boomerangs
Armour
 a - a +2 robe (worn)
 b - a +2 hat (worn)
 G - a +2 cloak of poison resistance (worn)
Jewellery
 r - the amulet of Cuejayse (around neck) {Spirit Str+3}
   (You acquired it in an ossuary)

   [amulet of guardian spirit]

   It causes incoming damage to be divided between your reserves of health and
   magic.
   Str:       It affects your strength (+3).
 A - a ring of ice
 B - a ring of willpower (left claw)
 I - the amulet "Degeph" {RegenMP +Blink rN+ Regen+ Dex+4}
   (You found it on level 7 of the Dungeon)

   [amulet of magic regeneration]

   It increases your rate of magic regeneration.
   Dex:       It affects your dexterity (+4).
   rN:        It protects you from negative energy.
   +Blink:    It lets you blink.
   Regen:     It increases your rate of health regeneration.
 M - a ring of protection from fire (right claw)
Wands
 j - a wand of polymorph (5)
 F - a wand of digging (2)
 L - a wand of flame (24)
 Q - a wand of paralysis (5)
Scrolls
 h - 2 scrolls of blinking
 l - 4 scrolls of fog
 q - 2 scrolls of torment {unknown}
 u - 2 scrolls of vulnerability
 x - 3 scrolls of silence
 y - 8 scrolls of teleportation
 H - a scroll of immolation
 J - a scroll of magic mapping
 P - a scroll of amnesia
Potions
 e - 6 potions of lignification {unknown}
 f - 2 potions of haste
 i - 2 potions of degeneration {unknown}
 k - 3 potions of attraction {unknown}
 n - 5 potions of magic {unknown}
 o - 5 potions of curing
 p - 5 potions of brilliance {unknown}
 s - 3 potions of ambrosia {unknown}
 t - 3 potions of berserk rage {unknown}
 v - 4 potions of heal wounds {unknown}
 w - 4 potions of flight {unknown}
 z - 6 potions of might {unknown}
 K - 2 potions of cancellation {unknown}


   Skills:
 * Level 5.0 Fighting
 * Level 6.1 Maces & Flails
 * Level 6.6 Throwing
 * Level 4.8 Armour
 * Level 6.6 Dodging
 * Level 3.5 Stealth
 * Level 11.8 Unarmed Combat
 * Level 3.5 Evocations


You had 11 spell levels left.
You didn't know any spells.
Your spell library was empty.

Dungeon Overview and Level Annotations

Branches:
Dungeon (9/15)             Temple (0/1) D:7            Lair (2/5) D:9
  Snake (1/4) Lair:2      Ossuary (visited)         Volcano (visited)
  Swamp: Lair:2-3    Shoals: Lair:2-3       Orc: D:9-12

Altars:
Ashenzari
Elyvilon
Gozag
Qazlal
Trog
Vehumet

Shops:
D:7 *

Annotations:
D:4 exclusion: statue


Innate Abilities, Weirdness & Mutations

You are too large for most types of armour.
You have claws for hands.
Your natural rate of healing is unusually fast.
You are covered in fur. (AC +1)
You have tough skin. (AC +1)


Message History

The naga is almost dead.
The naga closely misses you. The naga grabs you. The naga constricts you.
* * * LOW HITPOINT WARNING * * *
You closely miss the naga.
The naga is almost dead.
You feel sick.
You mangle the naga!!
You kill the naga!
Trog accepts your kill.
You are no longer berserk.
You are exhausted.
You feel yourself slow down.
You feel sick.
You are no longer poisoned.
Things that are here:
a +0 glaive; a naga corpse You fail to use your ability.
Your polar bear goes berserk!
You can no longer call in reinforcements.
The naga warrior hits you with a +0 flail!
* * * LOW HITPOINT WARNING * * *
The naga warrior barely misses you.
Your polar bear rages.
The naga warrior spits poison at you. The splash of poison hits you.
You are poisoned.
You resist.
* * * LOW HITPOINT WARNING * * *
Your polar bear bites the naga warrior but does no damage.
Your polar bear claws the naga warrior but does no damage.
The naga warrior blocks your polar bear's attack.
You feel better.
Your polar bear bites the naga warrior!
The naga warrior blocks your polar bear's attack. x3
Your polar bear claws the naga warrior but does no damage.
The naga warrior blocks your polar bear's attack.
Your polar bear bites the naga warrior!!
Your polar bear barely misses the naga warrior.
The naga warrior blocks your polar bear's attack.
The naga warrior attacks as you move away!
The naga warrior hits you with a +0 flail!!
You die...

#....N## #......##
#....## ##.....#
#....# #.....#
#..)§# #.....#
#..).# #.....#
#....# ##.....#
#....#####)).#..#
##.....##Nh.###..#
##...<..@.†# #...
##........# #....
##......## ....
##..#..# ..#
####### ##


You could see a naga warrior (catching breath, ally target) and a friendly polar
bear (summoned, berserk).

Vanquished Creatures
  A faun (D:9)
  A moth of wrath (Snake:1)
  6 black mambas
  A molten gargoyle (Volcano)
  2 gargoyles (Volcano)
  A naga mage (Snake:1)
  2 cane toads (Lair:1)
  A rime drake (Lair:1)
  A komodo dragon (Lair:1)
  6 blink frogs (Lair:1)
  2 shadows (D:9)
  13 yaks
  3 wyverns (D:9)
  A fire elemental (Volcano)
  2 steam dragons
  3 nagas (Snake:1)
  12 water moccasins
  Duvessa (D:4)
  An orc warrior (D:7)
  5 ice beasts
  Pargi (D:4)
  3 black bears
  9 wolves
  2 centaurs
  An ogre (D:6)
  2 phantoms
  An elf zombie (D:4)
  2 kobold brigands
  10 bullfrogs
  2 scorpions
  2 elf skeletons (D:4)
  8 wights
  Dowan (D:4)
  4 killer bees (D:9)
  An electric eel (Lair:1)
  2 howler monkeys
  2 orc priests
  4 jellies
  A human zombie (D:4)
  A gnoll bouda (D:8)
  4 hounds
  5 iguanas
  Ijyb (D:5)
  A human skeleton (D:4)
  7 orc wizards
  12 mummies (Ossuary)
  7 gnolls
  10 adders
  A shadow imp (D:7)
  2 white imps
  2 ufetubi
  6 dart slugs
  21 orcs
  4 endoplasms
  4 giant cockroaches
  5 goblins
  3 hobgoblins
  A jackal (D:4)
  9 quokkas
  7 ball pythons
  3 bats
  4 frilled lizards
  A gnoll skeleton (Ossuary)
  2 goblin skeletons (Ossuary)
  8 kobolds
  2 kobold skeletons (Ossuary)
  4 orc skeletons
  5 rats
  11 rat skeletons (Ossuary)
276 creatures vanquished.

Vanquished Creatures (collateral kills)
  The ghost of kamileon1 the Geomancer, a journeyman FoEE of Sif Muna (Lair:1)
  2 blink frogs (Lair:1)
  A naga (Snake:1)
4 creatures vanquished.

Vanquished Creatures (others)
  9 fungi
  14 plants
23 creatures vanquished.

Grand Total: 303 creatures vanquished

Notes
Turn   | Place    | Note
-------+----------+-------------------------------------------
     0 | D:1      | Valen the Troll Gladiator began the quest for the Orb.
     0 | D:1      | Reached XP level 1. HP: 19/19 MP: 0/0
   163 | D:1      | Found a faded altar of an unknown god.
   222 | D:1      | Prayed at the altar of an unknown god.
   222 | D:1      | Became a worshipper of Trog the Wrathful
   222 | D:1      | Reached * piety under Trog
   322 | D:1      | Reached XP level 2. HP: 22/27 MP: 1/1
   515 | D:2      | Reached XP level 3. HP: 33/33 MP: 2/2
   645 | D:3      | Reached ** piety under Trog
   683 | D:3      | Reached XP level 4. HP: 41/41 MP: 3/3
   705 | D:3      | Reached skill level 4 in Unarmed Combat
   919 | D:4      | Reached XP level 5. HP: 44/49 MP: 4/4
   975 | D:4      | Reached skill level 1 in Armour
   983 | D:4      | Reached skill level 5 in Unarmed Combat
   983 | D:4      | Reached XP level 6. HP: 57/57 MP: 5/5
   991 | D:4      | Found a sand-covered staircase.
  1022 | Ossuary  | Entered an ossuary
  1248 | Ossuary  | Reached skill level 1 in Stealth
  1296 | Ossuary  | Reached *** piety under Trog
  1314 | Ossuary  | Identified a scroll of acquirement
  1315 | Ossuary  | Acquired the amulet of Cuejayse {Spirit Str+3}
  1542 | D:4      | Reached XP level 7. HP: 65/65 MP: 6/6
  1563 | D:4      | Reached skill level 6 in Unarmed Combat
  1803 | D:4      | Found a white marble altar of Elyvilon.
  1851 | D:5      | Entered Level 5 of the Dungeon
  2045 | D:5      | Reached skill level 7 in Unarmed Combat
  2140 | D:5      | Reached XP level 8. HP: 73/74 MP: 4/7
  2699 | D:6      | Reached skill level 8 in Unarmed Combat
  2889 | D:6      | Reached skill level 1 in Maces & Flails
  3333 | D:5      | Noticed Ijyb
  3355 | D:5      | Killed Ijyb
  3647 | D:4      | Noticed Dowan
  3651 | D:4      | Noticed Duvessa
  3654 | D:4      | Killed Dowan
  3655 | D:4      | Reached XP level 9. HP: 77/81 MP: 8/8
  3658 | D:4      | Killed Duvessa
  3755 | D:6      | Reached **** piety under Trog
  3866 | D:7      | Found an opulent altar of Gozag.
  3928 | D:7      | Found a staircase to the Ecumenical Temple.
  4010 | D:7      | Reached skill level 1 in Evocations
  4220 | D:7      | Found a stormy altar of Qazlal.
  4297 | D:7      | Reached skill level 5 in Throwing
  4349 | D:7      | Found Gozag's Platinum Reserve.
  4439 | D:7      | Identified the amulet "Degeph" {RegenMP +Blink rN+ Regen+
                  | Dex+4}
  4878 | D:4      | Noticed Pargi
  4879 | D:4      | Found a radiant altar of Vehumet.
  4887 | D:4      | Killed Pargi
  4888 | D:4      | Reached skill level 9 in Unarmed Combat
  5071 | D:4      | Found a broken altar of Ashenzari.
  7598 | D:8      | Reached skill level 5 in Dodging
  7871 | D:8      | Reached XP level 10. HP: 91/91 MP: 9/9
  7992 | D:9      | Noticed a two-headed ogre
  7997 | D:9      | Noticed a faun
  7997 | D:9      | a two-headed ogre changed into a faun
  8007 | D:9      | Killed a faun
  8210 | D:9      | Found a staircase to the Lair.
  8354 | D:9      | Reached skill level 5 in Maces & Flails
  9208 | Lair:1   | Entered Level 1 of the Lair of Beasts
  9208 | Lair:1   | Noticed a cane toad
  9222 | Lair:1   | Killed a cane toad
  9337 | Lair:1   | Found a dark tunnel.
  9342 | Volcano  | Entered a volcano
  9389 | Volcano  | Noticed a molten gargoyle
  9397 | Volcano  | Killed a molten gargoyle
  9398 | Volcano  | Reached skill level 10 in Unarmed Combat
  9398 | Volcano  | Reached XP level 11. HP: 101/101 MP: 8/10
 10336 | Lair:1   | Found a runed translucent door.
 10338 | Lair:1   | Noticed kamileon1's ghost (journeyman FoEE)
 10452 | Lair:1   | Killed kamileon1's ghost
 10453 | Lair:1   | Reached skill level 11 in Unarmed Combat
 11070 | Lair:2   | Found a staircase to the Snake Pit.
 11283 | Lair:2   | Reached skill level 5 in Fighting
 11283 | Lair:2   | Reached XP level 12. HP: 62/111 MP: 4/11
 11331 | Snake:1  | Entered Level 1 of the Snake Pit
 11353 | Snake:1  | Noticed a naga warrior
 11423 | Snake:1  | HP: 2/111 [naga warrior/+0 flail (13)]
 11427 | Snake:1  | Slain by a naga warrior

Illustrated notes

Levels and vault maps discovered:
D:1:      nicolae_arrival_memento_mori, layout_loops_ring,
          dreamdust_ecumenical_altar_grove
D:2:      layout_loops_ring, serial_aquarium, aquarium_bridge_square
          [aquarium_subvault_bridge, aquarium_subvault_window,
          aquarium_subvault_window, aquarium_subvault_window],
          aquarium_window_corner, aquarium_window_corridor_2, aquarium_view_2c,
          aquarium_view_2e, aquarium_balcony_double_2, aquarium_pool_S
D:3:      layout_rooms, st_stairs_14
D:4:      layout_loops_cross, vehumet_statue, elyvilon_altar_4,
          lemuel_coloured_pillars_altar, nicolae_ossuary_entry_catacombs,
          minmay_pentangle, uniq_duvessa, uniq_pargi
D:5:      layout_basic, serial_bayou_lagoon_b, uniq_ijyb
D:6:      minmay_angry_zag, layout_basic
D:7:      layout_basic, nicolae_gozag_zags_fifth_avenue,
          mainiacjoe_overflow_concentric_impassable,
          minmay_temple_entry_butterflies, wad_rectangle_vault
D:8:      layout_loops_ring, beargit_hepliaklqana_dungeon_heroes
D:9:      layout_stronghold, minmay_lair_entry_grove
Lair:1:   layout_gridlike, ebering_ghost_inner_flame, enter_volcano_4
Lair:2:   layout_roguey, minmay_snake_entry_six_corridors
Snake:1:  layout_grid_shapes

Skill      XL: |  1  2  3  4  5  6  7  8  9 10 11 |
---------------+----------------------------------+-----
Throwing       | 2 3 4 5 6 |  6.6
Dodging        | 3 4 5 6 |  6.6
Unarmed Combat | 4 5 7 8 9 10 11 | 11.8
Armour         | 1 2 3 4 |  4.8
Stealth        | 1 2 3 |  3.5
Fighting       | 2 3 4 5 |  5.0
Maces & Flails | 1 3 5 6 |  6.1
Evocations     | 1 2 3 |  3.5

Action                   |  1- 3 |  4- 6 |  7- 9 | 10-12 || total
-------------------------+-------+-------+-------+-------++-------
Melee: Unarmed           |    76 |   154 |   167 |   281 ||   678
       Punch             |       |     5 |     9 |    14 ||    28
       Giant club        |       |       |    65 |    36 ||   101
       Executioner's axe |       |       |       |     3 ||     3
Throw: Throwing net      |       |     2 |       |     2 ||     4
       Javelin           |       |     2 |    93 |    16 ||   111
       Large rock        |       |       |       |     2 ||     2
Invok: Berserk           |     1 |       |     9 |    11 ||    21
       Brothers in Arms  |       |       |       |     4 ||     4
Evoke: Wand              |       |       |    11 |     9 ||    20
  Use: Scroll            |     5 |     4 |    16 |     9 ||    34
       Potion            |       |       |     1 |    11 ||    12
 Stab: Held in net/web   |       |     1 |       |       ||     1
       Sleeping          |       |     2 |     6 |     1 ||     9
Armor: Robe              |    21 |    24 |    96 |   150 ||   291
Dodge: Dodged            |    42 |    51 |   125 |   204 ||   422
